Map: 锈化山巅-天梯版

Players

电脑难度(艰难) - Winner!

  • Race: Terran Terran

堕天地狱兽

  • Race: Protoss Protoss

VOD

Have the link to the VOD?

Description

Time

  • Played on: Feb. 5, 2021, 10:27 a.m.
  • Length: 4:37
Show
View Real Time Build Order
Export as new Build Order

电脑难度(艰难) Terran - Winner!

Build Orders:  

Get SALT Encoding   

  12  0:00  SCV  
  13  0:13  SCV  
  14  0:18  Supply Depot  
  14  0:25  SCV  
  15  0:39  SCV  
  16  0:44  Barracks  
  16  0:51  SCV  
  17  1:04  SCV  
  18  1:16  Command Center  
  18  1:32  Orbital Command, Marine  
  19  1:37  Supply Depot  
  19  1:45  Refinery  
  19  1:49  Marine  
  20  1:58  SCV  
  21  2:01  Barracks  
  21  2:09  Refinery  
  21  2:10  SCV  
  21  2:14  Marine  
  23  2:22  SCV  
  24  2:34  Barracks Tech Lab  
  24  2:35  SCV  
  25  2:47  SCV  
  25  2:48  Marine  
  27  2:52  Marine  
  27  2:57  Refinery  
  28  3:06  Refinery, Reaper  
  28  3:11  Marine  
  30  3:13  Factory  
  30  3:22  SCV  
  30  3:26  SCV  
  32  3:29  Marauder  
  34  3:35  SCV  
  34  3:37  Supply Depot  
  34  3:39  Barracks Tech Lab, SCV  
  36  3:47  SCV  
  37  3:50  Marauder  
  37  3:52  SCV  
  40  3:57  Factory, Marine  
  40  3:59  Factory Tech Lab, SCV  
  42  4:14  Starport  
  44  4:23  Starport  
Show
View Real Time Build Order
Export as new Build Order

堕天地狱兽 Protoss 

Build Orders: 1 Gate Expand, Phoenix Opening 

Get SALT Encoding   

  12  0:00  Probe  
  13  0:12  Probe  
  14  0:17  Pylon  
  14  0:25  Probe  
  15  0:37  Gateway, Probe (Chrono Boost)  
  16  0:47  Probe (Chrono Boost)  
  17  0:50  Assimilator  
  17  0:52  Probe (Chrono Boost)  
  18  1:03  Probe  
  19  1:15  Probe  
  20  1:25  Nexus  
  20  1:34  Cybernetics Core  
  20  1:39  Probe  
  21  1:44  Assimilator  
  21  1:51  Probe  
  22  1:54  Pylon  
  22  2:03  Probe  
  23  2:09  Stalker (Chrono Boost)  
  23  2:11  Probe, Warp Gate  
  26  2:19  Probe  
  27  2:30  Gateway  
  27  2:31  Probe (Chrono Boost)  
  27  2:35  Sentry  
  30  2:37  Probe (Chrono Boost)  
  32  2:46  Probe x2 (Chrono Boost)  
  33  2:51  Probe (Chrono Boost)  
  33  2:53  Probe  
  35  3:00  Twilight Council  
  35  3:03  Probe  
  36  3:06  Stalker, Probe  
  36  3:12  Phoenix  
  39  3:15  Probe  
  39  3:18  Probe  
  41  3:26  Pylon  
  41  3:27  Probe  
  41  3:30  Probe  
  43  3:44  Robotics Facility  
  43  3:53  Probe x2  
  43  3:55  Assimilator  
  45  3:57  Assimilator  
  45  4:06  Probe x2  
  47  4:15  Stalker x2  
  51  4:18  Probe x2  
  51  4:20  Gateway  
  51  4:21  Gateway  
Tags
 
Add a new tag
Caveats
  • Supply blocks, unpowered buildings, or Contaminate may cause inaccurate times.
  • Supply counts are checked every 10 seconds.